 Dungeon Crawl Stone Soup version 0.30-a0-587-gfd7c166f36 (webtiles) character file.

Game seed: 15824333905026187864

85 Oxelix the Cudgeller (level 4, -3/39 HPs)
             Began as a Minotaur Berserker on Jan 4, 2023.
             Was a Follower of Trog.
             Splashed by a jelly's acid (8 damage)
             ... on level 4 of the Dungeon.
             The game lasted 00:02:54 (2095 turns).

Oxelix the Cudgeller (Minotaur Berserker)           Turns: 2095, Time: 00:02:55

Health: -3/39      AC:  0    Str: 23    XL:     4   Next: 25%
Magic:  3/3        EV:  9    Int:  4    God:    Trog [*.....]
Gold:   319        SH:  0    Dex: 16    Spells: 3/3 levels left

rFire   . . .      SeeInvis .    s - +0 flail
rCold   . . .      Faith    .    (no shield)
rNeg    . . .      Spirit   .    k - +0 chain mail
rPois   .          Reflect  .    (helmet restricted)
rElec   .          Harm     .    (no cloak)
rCorr   .          Rampage  .    (no gloves)
Will    .....                    (no boots) Stlth
                                 (no amulet)
HPRegen 0.26/turn                f - +6 ring of dexterity
MPRegen 0.08/turn                (no ring)

@: corroded
A: horns 2, retaliatory headbutt
a: Renounce Religion, Berserk


You were on level 4 of the Dungeon.
You worshipped Trog.
Trog was aware of your devotion.
You visited 1 branch of the dungeon, and saw 4 of its levels.

You collected 319 gold pieces.

Inventory:

Hand Weapons
 s - a +0 flail (weapon)
Armour
 k - a +0 chain mail (worn)
Jewellery
 f - a +6 ring of dexterity (left hand)
 m - a ring of protection from cold
Wands
 w - a wand of flame (13)
Scrolls
 a - a scroll of blinking {unknown}
 c - a scroll of acquirement {unknown}
 d - 5 scrolls of identify {unknown}
 e - a scroll of fog {unknown}
 p - 3 scrolls of teleportation {unknown}
 q - 2 scrolls of noise {unknown}
 v - a scroll of vulnerability {unknown}
 x - a scroll of enchant weapon {unknown}
Potions
 b - a potion of invisibility {unknown}
 g - a potion of mutation {unknown}
 h - 3 potions of curing {unknown}
 i - 2 potions of heal wounds {unknown}
 j - a potion of ambrosia {unknown}
 l - a potion of haste {unknown}
 n - a potion of cancellation {unknown}
 o - a potion of magic {unknown}
 r - 2 potions of berserk rage {unknown}
 t - a potion of flight {unknown}
 u - a potion of lignification {unknown}


   Skills:
 - Level 3.6 Fighting
 * Level 6.2 Maces & Flails
 - Level 2.4 Armour
 - Level 2.1 Dodging


You had 3 spell levels left.
You didn't know any spells.
Your spell library was empty.

Dungeon Overview and Level Annotations

Branches:
Dungeon (4/15)
 Temple: D:4-7

Altars:
Elyvilon

Shops:
D:4 =


Innate Abilities, Weirdness & Mutations

You have a pair of horns on your head.
You reflexively headbutt those who attack you in melee.


Message History

Things that are here:
a +0 flail; a gnoll corpse You start resting.
HP restored.
You start waiting.
You feel yourself speed up.
You start waiting.
You recover from your berserk rage.
There is an open door here.
Things that are here:
a +0 flail; a gnoll corpse
Things that are here:
a +0 halberd; a gnoll corpse
x - a scroll labelled XADAYC SUAMEL You now have 319 gold pieces (gained 12).
A jelly comes into view.
The jelly hits you but does no damage.
You hit the jelly.
Your hands burn!
The jelly is moderately wounded.
The jelly barely misses you.
You hit the jelly.
Your hands burn!
The jelly is heavily wounded.
The jelly completely misses you.
You hit the jelly.
Your hands burn!
The jelly is heavily wounded.
The jelly hits you but does no damage. The jelly barely misses you.
You barely miss the jelly. You headbutt the jelly.
The jelly is severely wounded.
The jelly hits you. The acid corrodes you!
You are splashed with acid!
You hit the jelly but do no damage.
Your hands burn!
The jelly is severely wounded.
The jelly hits you.
You are splashed with acid!
* * * LOW HITPOINT WARNING * * *
You hit the jelly.
Your hands burn!
* * * LOW HITPOINT WARNING * * *
The jelly is almost dead.
The jelly hits you.
* * * LOW HITPOINT WARNING * * *
The acid corrodes you!
You are splashed with acid!
You die...

#......##.....##......#
#.......#.............#
+.............#
#.............#
#.....##.....##
#.....#########
#.............#
#.............#
########@.....#
#.J....# .......#
#.......# #.......#
#########


You could see a jelly.

Vanquished Creatures
  4 gnolls (D:4)
  An adder (D:3)
  A worm (D:2)
  3 orcs
  4 ball pythons
  4 endoplasms
  A giant cockroach (D:3)
  3 goblins (D:3)
  3 hobgoblins
  A quokka (D:1)
  A frilled lizard (D:3)
  3 kobolds
  4 rats
33 creatures vanquished.

Notes
Turn   | Place    | Note
-------+----------+-------------------------------------------
     0 | D:1      | Oxelix the Minotaur Berserker began the quest for the Orb.
     0 | D:1      | Reached XP level 1. HP: 19/19 MP: 0/0
   120 | D:1      | Reached skill level 4 in Maces & Flails
   124 | D:1      | Found a faded altar of an unknown god.
   280 | D:1      | Reached XP level 2. HP: 26/26 MP: 1/1
  1379 | D:3      | Reached skill level 5 in Maces & Flails
  1401 | D:3      | Reached XP level 3. HP: 31/31 MP: 2/2
  1652 | D:4      | Found Zaisk's Jewellery Shoppe.
  1813 | D:4      | Found a white marble altar of Elyvilon.
  2012 | D:4      | Reached skill level 6 in Maces & Flails
  2012 | D:4      | Reached XP level 4. HP: 39/39 MP: 3/3
  2095 | D:4      | Splashed by a jelly's acid

Illustrated notes

Levels and vault maps discovered:
D:1:      dpeg_arrival_rooms_a, layout_loops_cross,
          chequers_ecumenical_altar_simple_redux
D:2:      layout_basic
D:3:      layout_basic
D:4:      cheibrodos_barr_body, layout_gridville, amcnicky_altar_gilded,
          serial_shops, shop_fountains

Skill      XL: |  1  2  3 |
---------------+----------+-----
Maces & Flails | 4 5 6 |  6.2
Fighting       | |  3.6
Armour         | |  2.4
Dodging        | |  2.1

Action                   |  1- 3 |  4- 6 || total
-------------------------+-------+-------++-------
Melee: Mace              |    60 |       ||    60
       Headbutt          |    13 |     2 ||    15
       Punch             |     1 |       ||     1
       Flail             |    11 |     8 ||    19
Invok: Berserk           |     2 |       ||     2
Armor: Animal skin       |     6 |       ||     6
       Chain mail        |    29 |     2 ||    31
Dodge: Dodged            |    36 |     3 ||    39

Table legend: (Time is in decaauts)
 A = Elapsed time spent in this place.
 B = Non-inter-level travel time spent in this place.
 C = Inter-level travel time spent in this place.
 D = Time resting spent in this place.
 E = Time spent auto-exploring this place.
 F = Levels seen in this place.
 G = Mean time per level.
                   A        B        C        D        E       F      G
               +--------+--------+--------+--------+--------+-----+--------+
         Total |   2124 |   2030 |     94 |    106 |   1566 |   4 |  531.0 |
       Dungeon |   2124 |   2030 |     94 |    106 |   1566 |   4 |  531.0 |
               +--------+--------+--------+--------+--------+-----+--------+

Top non-repeatable levels by time:
     D:1: 717 daAuts
     D:2: 502 daAuts
     D:4: 458 daAuts
     D:3: 445 daAuts
